 Dungeon Crawl Stone Soup version 0.13-a0-3110-gf6e36dc (webtiles) character file.

163 PolkaDot the Sneak (level 4, -1/28 HPs)
             Began as a Vampire Wizard on Sept 20, 2013.
             Slain by a jackal (3 damage)
             ... on Level 2 of the Dungeon.
             The game lasted 00:05:31 (1288 turns).

PolkaDot the Sneak (Vampire Wizard)                 Turns: 1288, Time: 00:05:31

HP  -1/28        AC  2     Str  4 (6)  XL: 4   Next:  8%
MP   0/12        EV 12     Int 21      God:
Gold 90          SH  0     Dex 12      Spells:  1 memorised,  8 levels left

Res.Fire  : . . .   See Invis. : +   f - +0 dagger
Res.Cold  : . . .   Warding    : .   a - +0 robe
Life Prot.: . . .   Conserve   : .   (no shield)
Res.Poison: .       Res.Corr.  : .   b - +0 wizard hat
Res.Elec. : .       Clarity    : .   (no cloak)
Sust.Abil.: . .     Spirit.Shd : .   (no gloves)
Res.Mut.  : .       Stasis     : .   (no boots)
Res.Rott. : .       Flight     : .   (no amulet)
Saprovore : . . .                    (no ring)
                                     (no ring)

@: regenerating very quickly, slightly resistant to hostile enchantments,
stealthy
A: fangs 3, see invisible, unbreathing
a: no special abilities


You were on level 2 of the Dungeon.
You were almost alive.

You visited 1 branch of the dungeon, and saw 2 of its levels.

You collected 70 gold pieces.

Inventory:

Hand weapons
 f - a +0,+0 dagger (weapon)
Armour
 a - a +0 robe (worn)
 b - a +0 wizard hat (worn)
Magical devices
 j - a wand of random effects (13) {unknown}
Scrolls
 h - a scroll of magic mapping {unknown}
 i - a scroll of remove curse {unknown}
Jewellery
 e - an uncursed ring of protection from fire {unknown}
Books
 c - a book of Minor Magic

   Spells                             Type                      Level
   *Magic Dart                        Conjuration                  1
   Blink                              Translocation                2
   Call Imp                           Summoning                    2
   Repel Missiles                     Charms/Air                   2
   Slow                               Hexes                        2
   Conjure Flame                      Conjuration/Fire             3
   Mephitic Cloud                     Conjuration/Poison/Air       3


   Skills:
 - Level 2.1 Dodging
 - Level 3.0 Stealth
 - Level 3.0 Spellcasting
 * Level 2.9 Conjurations
   Level 1.0 Summonings
   Level 0.7 Translocations


You had 8 spell levels left.
You knew the following spells:

 Your Spells              Type           Power        Failure   Level  Hunger
a - Magic Dart            Conj           ###.         4%          1    None


Dungeon Overview and Level Annotations

Branches:
Dungeon (2/27)

Altars:


Innate Abilities, Weirdness & Mutations

Your natural rate of healing is extremely fast.
You have razor-sharp teeth.*
You have supernaturally acute eyesight.
You can survive without breathing.*


Message History

You barely miss the jackal.
The jackal is severely wounded.
The jackal barely misses you. The jackal misses you.
You barely miss the jackal. Your bite misses the jackal.
The jackal is severely wounded.
The jackal closely misses you.
You hit the jackal but do no damage.
The jackal is severely wounded.
The jackal bites you but does no damage.
The jackal bites you.
* * * LOW HITPOINT WARNING * * *
Casting: Magic Dart
Confirm with . or Enter, or press ? or * to list all spells.
Aiming: Magic Dart
Press: ? - help, Shift-Dir - straight line, f/p - jackal
Aim: a jackal (moderately wounded)
The magic dart hits the jackal.
You kill the jackal!
The jackal bites you.
You die...

#.# #.# #.# #.# #.#
#.# ###
#.#####.########
#####...............
#.h@.....##.########
#####.###.######.##.#
# .......%..# #.##.#
# #####.##### #.##.#
# ##########.##.#####
# ........).[.(.....#
# ##########.######.#
# #.# #.# # #.# #.# #


You could see a jackal.

Vanquished Creatures
  Jessica (D:2)
  2 adders (D:2)
  A worm (D:2)
  2 giant geckos
  4 bats (D:1)
  3 hobgoblins
  3 jackals (D:2)
  2 ball pythons (D:1)
  2 giant newts
  5 goblins
  5 kobolds (D:2)
  3 rats
33 creatures vanquished.

Notes
Turn   | Place    | Note
--------------------------------------------------------------
     0 | D:1      | PolkaDot, the Vampire Wizard, began the quest for the Orb.
     0 | D:1      | Reached XP level 1. HP: 11/11 MP: 6/6
   117 | D:1      | Reached skill level 1 in Conjurations
   344 | D:1      | Reached XP level 2. HP: 17/17 MP: 0/8
   831 | D:2      | Reached XP level 3. HP: 9/22 MP: 0/10
  1096 | D:2      | Noticed Jessica
  1100 | D:2      | Killed Jessica
  1168 | D:2      | Reached XP level 4. HP: 28/28 MP: 2/12
  1287 | D:2      | HP: 1/28 [jackal (3)]
  1288 | D:2      | Slain by a jackal

Action                   |  1- 3 |  4- 6 || total
-------------------------+-------+-------++-------
Melee: Unarmed           |    28 |     1 ||    29
       Dagger            |       |    10 ||    10
 Cast: Magic Dart        |    67 |    16 ||    83
  Use: Potion            |     5 |     1 ||     6
